 Dungeon Crawl Stone Soup version 0.22-a0-455-ga0624bf (webtiles) character file.

32 4thArraOfDagon the Firebug (level 3, 1/31 HPs)
             Began as an Ogre Fire Elementalist on June 5, 2018.
             Quit the game on level 1 of the Dungeon.
             The game lasted 00:01:18 (190 turns).

4thArraOfDagon the Firebug (Ogre Fire Elementalist)  Turns: 190, Time: 00:01:19

Health: 1/31       AC:  3    Str: 12    XL:     3   Next: 27%
Magic:  2/7        EV: 10    Int: 17    God:
Gold:   0          SH:  0    Dex:  9    Spells: 6/7 levels left

rFire    . . .     SeeInvis .   (no weapon)
rCold    . . .     Gourm    .   (no shield)
rNeg     . . .     Faith    .   a - +0 robe
rPois    .         Spirit   .   (helmet restricted)
rElec    .         Reflect  .   (no cloak)
rCorr    .         Harm     .   (gloves unavailable)
MR       .....                  (boots unavailable)
Stlth    +.........             (no amulet)
HPRegen  0.10/turn              (no ring)
MPRegen  0.10/turn              (no ring)

@: lethally poisoned (1 -> -5), very slow
A: large, unfitting armour, tough skin 1
a: no special abilities


You were on level 1 of the Dungeon.
You were not hungry.

You visited 1 branch of the dungeon, and saw 2 of its levels.

Inventory:

Armour
 a - a +0 robe (worn)
Comestibles
 c - a ration


   Skills:
 - Level 1.7 Dodging
 - Level 1.4 Stealth
 + Level 2.8 Spellcasting
 * Level 1.8 Conjurations
 * Level 3.2 Fire Magic


You had 6 spell levels left.
You knew the following spells:

 Your Spells              Type           Power        Failure   Level  Hunger
a - Flame Tongue          Conj/Fire      ##...        6%          1    #......

Your spell library contained the following spells:

 Spells                   Type           Power        Failure   Level  Hunger
 Fireball                 Conj/Fire      ##........   86%         5    ######.
 Conjure Flame            Conj/Fire      ##......     19%         3    ###....
 Throw Flame              Conj/Fire      ##....       10%         2    ##.....
 Sticky Flame             Conj/Fire      ##......     52%         4    #####..
 Inner Flame              Hex/Fire       #.......     28%         3    ###....


Dungeon Overview and Level Annotations

Branches:
Dungeon (2/15)

Altars:


Innate Abilities, Weirdness & Mutations

You are too large for most types of armour.
You have tough skin. (AC +1)


Message History

You feel sick.
Terence is engulfed in a cloud of scalding steam.
You kill Terence!
You hear a splash. x2
Your Fire Magic skill increases to level 3!
You have reached level 3!
Your experience leads to an increase in your attributes!
Increase (S)trength, (I)ntelligence, or (D)exterity?
You feel clever.
You feel stronger.
Unknown command.
* * * LOW HITPOINT WARNING * * *
You feel sick.
Unknown command.
* * * LOW HITPOINT WARNING * * *
You feel sick.
Unknown command.
* * * LOW HITPOINT WARNING * * *
You feel sick.
Unknown command.
Are you sure you want to abandon this character and quit the game? (Confirm with "yes".)

##.....#.#..#######.
#.####..(#..........
.. #####...######.#
#.. #...######.#
###########.......>..#
##P#P♣....'.##.#######
♣.#P♣..≈≈)#.##.#
♣<....8)##.##.#
♣.#P♣..≈≈@#.##.#
##P#P♣....'.##.#
##########.##.# #.#...
#..... #... ##... #...
#.##


There were no monsters in sight!

Vanquished Creatures
  Terence (D:1)
  A dart slug (D:1)
  A giant cockroach (D:1)
  2 hobgoblins (D:1)
  A kobold (D:1)
6 creatures vanquished.

Notes
Turn   | Place    | Note
-------+----------+-------------------------------------------
     0 | D:1      | 4thArraOfDagon the Ogre Fire Elementalist began the quest for the Orb.
     0 | D:1      | Reached XP level 1. HP: 16/16 MP: 3/3
    19 | D:1      | Reached skill level 1 in Conjurations
   112 | D:2      | Noticed Terence
   125 | D:1      | Reached XP level 2. HP: 16/24 MP: 2/5
   186 | D:1      | Killed Terence
   186 | D:1      | Reached skill level 3 in Fire Magic
   186 | D:1      | Reached XP level 3. HP: 3/31 MP: 2/7
   189 | D:1      | HP: 1/31 [poisoned by Terence]
   190 | D:1      | Quit the game

Vault maps used:
D:1:      tarquinn_simple_flora_water_d
D:2:      lemuel_zombie_altar_kikubaaqudgha, grunt_ministairs_1, uniq_terence

Skill      XL: |  1  2 |
---------------+-------+-----
Conjurations   | 1 |  1.8
Fire Magic     | 3 |  3.2
Dodging        | |  1.7
Stealth        | |  1.4
Spellcasting   | |  2.8

Action                   || total
-------------------------++-------
Melee: Unarmed           ||     1
 Cast: Flame Tongue      ||    12
Armor: Robe              ||     6
Dodge: Dodged            ||     8

Table legend:
 A = Spawn XP
 B = Non-spawn XP
 C = Spawn XP percentage of total XP
 D = Spawn monster count
 E = Non-spawn monster count
 F = Spawn count percentage of total count
 G = Total turns spent on level
                    A         B        C        D         E        F      G
               +---------+---------+-------+---------+---------+-------+---------
         Total |       0 |      47 |   0.0 |       0 |       6 |   0.0 |   190
               +---------+---------+-------+---------+---------+-------+---------
           D:1 |       0 |      47 |   0.0 |       0 |       6 |   0.0 |   181
               +---------+---------+-------+---------+---------+-------+---------
